| TOP OF THE 1ST |
|
Kannapolis Intimidators batting - Pitching for Bowling Green Hot Rods : LHP Frank Rodriguez
|
|
Pitching: LHP Frank Rodriguez
|
|
|
Batting: RHB Josiah Wright
|
0-0: Ball 1-0: Ball 2-0: Ground out 6-3 (Groundball, 6, EV 83.8 MPH)
|
|
Batting: RHB Mark Jones
|
0-0: Swinging Strike 0-1: Called Strike 0-2: Ball 1-2: Ball 2-2: SINGLE (Line Drive, 56D, EV 97.5 MPH)
|
|
Batting: RHB Benny O'Connor
|
0-0: Ball 1-0: Grounds into double play, 6-4-3 (Groundball, 6M, EV 106.2 MPH)
|
| Top of the 1st over - 0 runs, 1 hit, 0 errors, 0 left on base; Kannapolis 0 - Bowling Green 0 |
| BOTTOM OF THE 1ST |
|
Bowling Green Hot Rods batting - Pitching for Kannapolis Intimidators : LHP Dustin Waller
|
|
Pitching: LHP Dustin Waller
|
|
|
Batting: RHB James Huddleston
|
0-0: Called Strike 0-1: Ball 1-1: Ball 2-1: Ball 3-1: Base on Balls
|
|
Batting: RHB Jose Arriola
|
0-0: Ball James Huddleston steals 2nd base 1-0: Swinging Strike 1-1: Ball 2-1: Ball 3-1: Foul Ball, location: 2F 3-2: Ground out 6-3 (Groundball, 56, EV 84.4 MPH)
|
|
Batting: RHB Adam Kaeser
|
0-0: Ball 1-0: Fly out, F7 (Flyball, 7, EV 98.8 MPH)
|
|
Batting: RHB Chris Thorson
|
0-0: Ball 1-0: Swinging Strike 1-1: Called Strike 1-2: Strikes out swinging
|
| Bottom of the 1st over - 0 runs, 0 hits, 0 errors, 1 left on base; Kannapolis 0 - Bowling Green 0 |
| TOP OF THE 2ND |
|
Kannapolis Intimidators batting - Pitching for Bowling Green Hot Rods : LHP Frank Rodriguez
|
|
Batting: SHB Ruben Velasco Jr.
|
0-0: Ball 1-0: Ball 2-0: Called Strike 2-1: Ground out 5-3 (Groundball, 56S, EV 92.5 MPH)
|
|
Batting: LHB Robert Rauda
|
0-0: Ball 1-0: Ground out 6-3 (Groundball, 56, EV 96.9 MPH)
|
|
Batting: RHB Adam Lambert
|
0-0: Ball 1-0: Called Strike 1-1: Fly out, F7 (Line Drive, 7, EV 103.1 MPH)
|
| Top of the 2nd over - 0 runs, 0 hits, 0 errors, 0 left on base; Kannapolis 0 - Bowling Green 0 |
| BOTTOM OF THE 2ND |
|
Bowling Green Hot Rods batting - Pitching for Kannapolis Intimidators : LHP Dustin Waller
|
|
Batting: LHB Darryl Gonnella
|
0-0: Called Strike 0-1: Ball 1-1: Fly out, F8 (Flyball, 8RXD, EV 86.2 MPH)
|
|
Batting: RHB Eric Waugaman
|
0-0: Foul Ball, location: 2F 0-1: Foul Ball, location: 2F 0-2: Ball 1-2: Ball 2-2: Strikes out swinging
|
|
Batting: LHB Harris Vink
|
0-0: Ball 1-0: Called Strike 1-1: Swinging Strike 1-2: Strikes out swinging
|
| Bottom of the 2nd over - 0 runs, 0 hits, 0 errors, 0 left on base; Kannapolis 0 - Bowling Green 0 |
| TOP OF THE 3RD |
|
Kannapolis Intimidators batting - Pitching for Bowling Green Hot Rods : LHP Frank Rodriguez
|
|
Batting: SHB Matt Childers
|
0-0: Ball 1-0: Called Strike 1-1: SINGLE (Flyball, 7S, EV 93.8 MPH)
|
|
Batting: RHB Jeff Cox
|
0-0: Grounds into double play, U6-3 (Groundball, 4M, EV 108.1 MPH)
|
|
Batting: RHB Egidius Kruger
|
0-0: Ground out 3-1 (Groundball, 13, EV 86.9 MPH)
|
| Top of the 3rd over - 0 runs, 1 hit, 0 errors, 0 left on base; Kannapolis 0 - Bowling Green 0 |
| BOTTOM OF THE 3RD |
|
Bowling Green Hot Rods batting - Pitching for Kannapolis Intimidators : LHP Dustin Waller
|
|
Batting: LHB Tony Zizumbo
|
0-0: Foul Ball, location: 2F 0-1: Ball 1-1: SINGLE (Line Drive, 6MD, EV 96.2 MPH)
|
|
Batting: LHB Jeremy Burton
|
0-0: SINGLE (Groundball, 34, EV 85.6 MPH) (infield hit) Tony Zizumbo to second
|
|
Batting: RHB James Huddleston
|
0-0: Called Strike 0-1: Foul Ball, location: 2F 0-2: SINGLE (Groundball, 56D, EV 98.1 MPH) Tony Zizumbo to third Jeremy Burton to second
|
|
Batting: RHB Jose Arriola
|
0-0: Ball 1-0: Foul Ball, location: 2F 1-1: Ball 2-1: Ball 3-1: Foul Ball, location: 2F 3-2: Foul Ball, location: 2F 3-2: Strikes out swinging
|
|
Batting: RHB Adam Kaeser
|
0-0: Ball 1-0: Fly out, F8 (Line Drive, 8RM, EV 94.4 MPH)
|
|
Batting: RHB Chris Thorson
|
0-0: Called Strike 0-1: Swinging Strike 0-2: Ball 1-2: Ball 2-2: Ball 3-2: Foul Ball, location: 2F 3-2: Base on Balls Tony Zizumbo scores Jeremy Burton to third James Huddleston to second
|
|
Batting: LHB Darryl Gonnella
|
0-0: DOUBLE (Groundball, 3L, EV 102.5 MPH) Jeremy Burton scores James Huddleston scores Chris Thorson to third Runner from 3rd tries for Home, SAFE, throw by RF to trailing runner, SAFE at third!
|
|
Batting: RHB Eric Waugaman
|
0-0: Ball Steal of home, Darryl Gonnella is safe 1-0: Ground out 4-3 (Groundball, 34, EV 96.9 MPH)
|
| Bottom of the 3rd over - 5 runs, 4 hits, 0 errors, 0 left on base; Kannapolis 0 - Bowling Green 5 |
| TOP OF THE 4TH |
|
Kannapolis Intimidators batting - Pitching for Bowling Green Hot Rods : LHP Frank Rodriguez
|
|
Batting: RHB Josiah Wright
|
0-0: Foul Ball, location: 2F 0-1: SOLO HOME RUN (Flyball, 7D, EV 96.9 MPH), Distance : 358 ft
|
|
Batting: RHB Mark Jones
|
0-0: Swinging Strike 0-1: Ball 1-1: Ball 2-1: Swinging Strike 2-2: Strikes out swinging
|
|
Batting: RHB Benny O'Connor
|
0-0: Called Strike 0-1: Called Strike 0-2: Ball 1-2: Foul Ball, location: 2F 1-2: Ball 2-2: Ball 3-2: Strikes out swinging
|
|
Batting: SHB Ruben Velasco Jr.
|
0-0: Foul Ball, location: 2F 0-1: Swinging Strike 0-2: Ball 1-2: Ball 2-2: Ground out 3-1 (Groundball, 34, EV 91.2 MPH)
|
| Top of the 4th over - 1 run, 1 hit, 0 errors, 0 left on base; Kannapolis 1 - Bowling Green 5 |
| BOTTOM OF THE 4TH |
|
Bowling Green Hot Rods batting - Pitching for Kannapolis Intimidators : LHP Dustin Waller
|
|
Pitching: RHP Ricardo Bautista
|
|
|
Batting: LHB Harris Vink
|
0-0: Called Strike 0-1: Foul Ball, location: 2F 0-2: Strikes out swinging
|
|
Batting: LHB Tony Zizumbo
|
0-0: Swinging Strike 0-1: Swinging Strike 0-2: Ball 1-2: Ball 2-2: Ball 3-2: Strikes out swinging
|
|
Batting: LHB Jeremy Burton
|
0-0: Ball 1-0: Foul Ball, location: 2F 1-1: Swinging Strike 1-2: Ball 2-2: Strikes out looking
|
| Bottom of the 4th over - 0 runs, 0 hits, 0 errors, 0 left on base; Kannapolis 1 - Bowling Green 5 |
| TOP OF THE 5TH |
|
Kannapolis Intimidators batting - Pitching for Bowling Green Hot Rods : LHP Frank Rodriguez
|
|
Batting: LHB Robert Rauda
|
0-0: Ground out 6-3 (Groundball, 6, EV 93.1 MPH)
|
|
Batting: RHB Adam Lambert
|
0-0: Foul Ball, location: 2F 0-1: Ball 1-1: Swinging Strike 1-2: Ball 2-2: Foul Ball, location: 2F 2-2: Foul Ball, location: 2F 2-2: Ground out 6-3 (Groundball, 6, EV 79.4 MPH)
|
|
Batting: SHB Matt Childers
|
0-0: Ball 1-0: Ball 2-0: Foul Ball, location: 2F 2-1: Foul Ball, location: 2F 2-2: Foul Ball, location: 2F 2-2: Foul Ball, location: 2F 2-2: Strikes out looking
|
| Top of the 5th over - 0 runs, 0 hits, 0 errors, 0 left on base; Kannapolis 1 - Bowling Green 5 |
| BOTTOM OF THE 5TH |
|
Bowling Green Hot Rods batting - Pitching for Kannapolis Intimidators : RHP Ricardo Bautista
|
|
Batting: RHB James Huddleston
|
0-0: Ground out 3-1 (Groundball, 13, EV 83.1 MPH)
|
|
Batting: RHB Jose Arriola
|
0-0: SINGLE (Groundball, 56, EV 105.0 MPH)
|
|
Batting: RHB Adam Kaeser
|
0-0: Ball 1-0: Ball 2-0: Ball 3-0: Base on Balls Jose Arriola to second
|
|
Batting: RHB Chris Thorson
|
0-0: Ball Jose Arriola steals 3rd base 1-0: Foul Ball, location: 2F 1-1: Foul Ball, location: 2F 1-2: Ball 2-2: Grounds into double play, 6-4-3 (Groundball, 6, EV 89.4 MPH)
|
| Bottom of the 5th over - 0 runs, 1 hit, 0 errors, 1 left on base; Kannapolis 1 - Bowling Green 5 |
| TOP OF THE 6TH |
|
Kannapolis Intimidators batting - Pitching for Bowling Green Hot Rods : LHP Frank Rodriguez
|
|
Batting: RHB Jeff Cox
|
0-0: Ball 1-0: Fly out, F5 (Line Drive, 5L, EV 71.2 MPH)
|
|
Batting: RHB Egidius Kruger
|
0-0: Ball 1-0: SINGLE (Line Drive, 89S, EV 106.2 MPH)
|
|
Batting: RHB Josiah Wright
|
0-0: Ball 1-0: Ball 2-0: Called Strike 2-1: 2-RUN HOME RUN (Flyball, 7D, EV 98.8 MPH), Distance : 383 ft
|
|
Batting: RHB Mark Jones
|
0-0: Ground out 1-3 (Groundball, 15, EV 63.1 MPH)
|
|
Batting: RHB Benny O'Connor
|
0-0: Called Strike 0-1: Foul Ball, location: 2F 0-2: Ball 1-2: Foul Ball, location: 2F 1-2: Strikes out swinging
|
| Top of the 6th over - 2 runs, 2 hits, 0 errors, 0 left on base; Kannapolis 3 - Bowling Green 5 |
| BOTTOM OF THE 6TH |
|
Bowling Green Hot Rods batting - Pitching for Kannapolis Intimidators : RHP Ricardo Bautista
|
|
Batting: LHB Darryl Gonnella
|
0-0: Called Strike 0-1: DOUBLE (Popup, 34D, EV 50.6 MPH)
|
|
Batting: RHB Eric Waugaman
|
0-0: Ball Darryl Gonnella steals 3rd base 1-0: Foul Ball, location: 2F 1-1: Ground out U3 (Groundball, 3, EV 91.9 MPH)
|
|
Batting: LHB Harris Vink
|
0-0: Called Strike 0-1: Foul Ball, location: 2F 0-2: Strikes out looking
|
|
Batting: LHB Tony Zizumbo
|
0-0: Foul Ball, location: 2F 0-1: Fly out, F9 (Line Drive, 89M, EV 106.2 MPH)
|
| Bottom of the 6th over - 0 runs, 1 hit, 0 errors, 1 left on base; Kannapolis 3 - Bowling Green 5 |
| TOP OF THE 7TH |
|
Kannapolis Intimidators batting - Pitching for Bowling Green Hot Rods : LHP Frank Rodriguez
|
|
Batting: SHB Ruben Velasco Jr.
|
0-0: Ball 1-0: Ball 2-0: Foul Ball, location: 2F 2-1: Called Strike 2-2: Foul Ball, location: 2F 2-2: Ground out 6-3 (Groundball, 56, EV 85.0 MPH)
|
|
Batting: LHB Robert Rauda
|
0-0: Called Strike 0-1: Ball 1-1: Swinging Strike 1-2: Foul Ball, location: 2F 1-2: Foul Ball, location: 2F 1-2: Ball 2-2: Strikes out looking
|
|
Batting: RHB Adam Lambert
|
0-0: Ball 1-0: Fly out, F9 (Flyball, 9, EV 93.1 MPH)
|
| Top of the 7th over - 0 runs, 0 hits, 0 errors, 0 left on base; Kannapolis 3 - Bowling Green 5 |
| BOTTOM OF THE 7TH |
|
Bowling Green Hot Rods batting - Pitching for Kannapolis Intimidators : RHP Ricardo Bautista
|
|
Batting: LHB Jeremy Burton
|
0-0: Called Strike 0-1: Swinging Strike 0-2: Ground out U3 (Groundball, 3L, EV 83.1 MPH)
|
|
Batting: RHB James Huddleston
|
0-0: Called Strike 0-1: Ball 1-1: Fly out, F9 (Flyball, 89M, EV 94.4 MPH)
|
|
Batting: RHB Jose Arriola
|
0-0: Ball 1-0: Ball 2-0: Foul Ball, location: 2F 2-1: Called Strike 2-2: Ground out 5-3 (Groundball, 5, EV 85.6 MPH)
|
| Bottom of the 7th over - 0 runs, 0 hits, 0 errors, 0 left on base; Kannapolis 3 - Bowling Green 5 |
| TOP OF THE 8TH |
|
Kannapolis Intimidators batting - Pitching for Bowling Green Hot Rods : LHP Frank Rodriguez
|
|
Now at 1B: Chris Thorson
|
|
|
Now at 3B: Eric Waugaman
|
|
|
Now at SS: Dusty Camelli
|
|
|
Now in RF: Jimmy Detrie
|
|
|
Batting: SHB Matt Childers
|
0-0: Ball 1-0: Ball 2-0: DOUBLE (Flyball, 8LXD, EV 105.0 MPH)
|
|
Batting: RHB Jeff Cox
|
0-0: Ball 1-0: Called Strike 1-1: Foul Ball, location: 2F 1-2: Ball 2-2: Strikes out swinging
|
|
Batting: RHB Egidius Kruger
|
0-0: Foul Ball, location: 2F 0-1: Ball 1-1: Foul Ball, location: 2F 1-2: Ball 2-2: Foul Ball, location: 2F 2-2: Ball 3-2: Strikes out looking
|
|
Pitching: LHP Parker Martinet
|
|
|
Batting: RHB Josiah Wright
|
0-0: Foul Ball, location: 2F 0-1: Ball 1-1: Called Strike 1-2: Ball 2-2: Ball 3-2: Base on Balls
|
|
Pinch Runner at 2nd Jason Bresnahan:
|
|
|
Batting: RHB Mark Jones
|
0-0: SINGLE (Groundball, 6MD, EV 96.9 MPH) Jason Bresnahan to third Josiah Wright to second Runner from 3rd tries for Home, SAFE, throw by CF to home
|
|
Batting: RHB Benny O'Connor
|
0-0: Swinging Strike 0-1: Ball 1-1: Called Strike 1-2: Strikes out swinging
|
| Top of the 8th over - 1 run, 2 hits, 0 errors, 2 left on base; Kannapolis 4 - Bowling Green 5 |
| BOTTOM OF THE 8TH |
|
Bowling Green Hot Rods batting - Pitching for Kannapolis Intimidators : RHP Ricardo Bautista
|
|
Pitching: RHP Mike Tolley
|
|
|
Now at 3B: Jason Bresnahan
|
|
|
Batting: RHB Adam Kaeser
|
0-0: Swinging Strike 0-1: Ball 1-1: Ball 2-1: Ball 3-1: Base on Balls
|
|
Batting: RHB Chris Thorson
|
0-0: Called Strike 0-1: Foul Ball, location: 2F 0-2: Grounds into double play, 6-4-3 (Groundball, 6, EV 90.6 MPH)
|
|
Batting: LHB Darryl Gonnella
|
0-0: Ball 1-0: Ball 2-0: Ball 3-0: Called Strike 3-1: Fly out, F9 (Line Drive, 9LM, EV 108.8 MPH)
|
| Bottom of the 8th over - 0 runs, 0 hits, 0 errors, 0 left on base; Kannapolis 4 - Bowling Green 5 |
| TOP OF THE 9TH |
|
Kannapolis Intimidators batting - Pitching for Bowling Green Hot Rods : LHP Parker Martinet
|
|
Pitching: RHP Cody Wilharm
|
|
|
Now in LF: Dan Marks
|
|
|
Batting: SHB Ruben Velasco Jr.
|
0-0: Ball 1-0: Foul Ball, location: 2F 1-1: Swinging Strike 1-2: Ball 2-2: Ball 3-2: Strikes out looking
|
|
Batting: LHB Robert Rauda
|
0-0: Called Strike 0-1: Swinging Strike 0-2: Ball 1-2: Strikes out swinging
|
|
Pinch Hitting: LHB Kevin Rolison
|
0-0: Called Strike 0-1: Called Strike 0-2: Strikes out swinging
|
| Top of the 9th over - 0 runs, 0 hits, 0 errors, 0 left on base; Kannapolis 4 - Bowling Green 5 |
|